 Dungeon Crawl Stone Soup version 0.28-a0-872-g80cf8599ee (webtiles) character file.

Game seed: 4620154462550169419

7550 orbtoucher the Peltast (level 11, -4/67 HPs)
             Began as an Octopode Venom Mage on Nov 20, 2021.
             Was a Priest of Nemelex Xobeh.
             Slain by a shadow (22 damage)
             ... on level 9 of the Dungeon.
             The game lasted 00:56:33 (14049 turns).

orbtoucher the Peltast (Octopode Venom Mage)       Turns: 14049, Time: 00:56:34

Health: -4/67      AC: 10    Str: 14    XL:     11   Next: 17%
Magic:  26/26      EV: 11    Int: 18    God:    Nemelex Xobeh [***...]
Gold:   398        SH: 24    Dex: 13    Spells: 9/18 levels left

rFire   . . .      SeeInvis .   a - +0 short sword (protect)
rCold   . . .      Faith    .   v - +2 tower shield
rNeg    . . .      Spirit   .   (helmet restricted)
rPois   .          Reflect  .   (no amulet)
rElec   .          Harm     .   j - ring of magical power
rCorr   .          Rampage  .   m - +6 ring of strength
Will    .....                   (no ring)
Stlth   +++.......              (no ring)
HPRegen 0.21/turn               (no ring)
MPRegen 0.20/turn               (no ring)
                                (no ring)
                                (no ring)

@: under a protective aura
A: almost no armour, amphibious, 8 rings, camouflage 1, gelatinous body 1,
(nimble swimmer 1), tentacles, iridescent scales 1, large bone plates 1, dopey 1
a: Renounce Religion, Draw Escape, Draw Destruction, Draw Summoning, Triple Draw


You were on level 9 of the Dungeon.
You worshipped Nemelex Xobeh.
Nemelex Xobeh was most pleased with you.
You visited 1 branch of the dungeon, and saw 9 of its levels.
You also visited: Ossuary.

You collected 398 gold pieces.

Inventory:

Hand Weapons
 a - a +0 short sword of protection (weapon)
 b - a +0 hunting sling
 w - a +0 dagger
Missiles
 n - 306 stones (quivered)
Armour
 v - a +2 tower shield (worn)
Jewellery
 e - a ring of fire
 j - a ring of magical power (left tentacle)
 m - a +6 ring of strength (right tentacle)
Wands
 g - a wand of paralysis (6)
 q - a wand of iceblast (8)
 B - a wand of mindburst (22)
Scrolls
 c - 4 scrolls of teleportation
 f - a scroll of fear
 h - 2 scrolls of torment
 i - a scroll of magic mapping
 l - a scroll of acquirement {unknown}
 o - 2 scrolls of identify
 p - a scroll of summoning
 s - a scroll of brand weapon {unknown}
 t - a scroll of amnesia
 y - a scroll of noise {unknown}
Potions
 d - 4 potions of haste
 k - a potion of cancellation
 r - 6 potions of curing
 u - 4 potions of magic
 x - 2 potions of brilliance
 z - 4 potions of lignification
 A - a potion of berserk rage


   Skills:
 + Level 3.3 Fighting
 - Level 2.0 Short Blades
 - Level 2.2 Dodging
 - Level 3.3 Stealth
 * Level 15.5 Shields
 - Level 4.0 Spellcasting
 - Level 3.0 Conjurations
 - Level 1.0 Transmutations
 + Level 4.1 Air Magic
 * Level 9.0 Poison Magic
 + Level 3.5 Invocations


You had 9 spell levels left.
You knew the following spells:

 Your Spells              Type           Power      Damage    Failure   Level
c - Mephitic Cloud        Conj/Pois/Air  22%        N/A       16%         3
o - Olgreb's Toxic Radia  Pois           36%        N/A       12%         4
v - Poisonous Vapours     Pois/Air       54%        N/A       4%          2

Your spell library contained the following spells:

 Spells                   Type           Power      Damage    Failure   Level
 Sting                    Tmut/Pois      84%        1d7       6%          1
 Spider Form              Tmut/Pois      21%        N/A       19%         3
 Swiftness                Air            18%        N/A       26%         3
 Beastly Appendage        Tmut           14%        N/A       32%         1
 Ignite Poison            Fire/Tmut/Pois 15%        N/A       36%         3
 Wereblood                Tmut           7%         N/A       43%         2
 Passwall                 Tmut/Erth      4%         N/A       52%         2
 Ensorcelled Hibernation  Hex/Ice        6%         N/A       58%         2
 Conjure Flame            Conj/Fire      9%         6-21      61%         3
 Airstrike                Air            9%         N/A       65%         4
 Summon Lightning Spire   Summ/Air       10%        N/A       91%         4
 Sticky Flame             Conj/Fire      9%         2d3       95%         4
 Lightning Bolt           Conj/Air       8%         1d20      97%         5


Dungeon Overview and Level Annotations

Branches:
Dungeon (9/15)             Temple (0/1) D:4         Ossuary (visited)
   Lair: D:8-11         Orc: D:9-12

Altars:
Cheibriados
Elyvilon
Hepliaklqana
Nemelex Xobeh
Trog
The Shining One

Shops:
D:4 (   D:5 *

Annotations:
D:6 1 runed translucent door, Hiru's ghost, novice TeMo


Innate Abilities, Weirdness & Mutations

You cannot wear most types of armour.
You are amphibious.
You can wear up to eight rings at the same time.
Your skin changes colour to match your surroundings (Stealth+).
Your rubbery body absorbs attacks. (AC +1, EV +1)
((You are camouflaged near water. (Stealth+)))
You have tentacles for arms and can constrict up to eight enemies at once.
You are partially covered in iridescent scales. (AC +2)
You are partially covered in large bone plates. (SH +4)
You are dopey. (Int -2)


Message History

The shadow is severely damaged.
You block the shadow's attack.
You hit the shadow but do no damage. Your squeeze misses the shadow.
The shadow is severely damaged.
You block the shadow's attack.
You hit the shadow. Your squeeze misses the shadow.
The shadow is severely damaged.
The shadow slips into darkness.
The shadow flickers and vanishes!
Deactivating autopickup; reactivate with Ctrl-A.
You hit something.
The shadow strikes at you from the darkness!
* * * LOW HITPOINT WARNING * * *
Reactivating autopickup.
The shadow barely misses you.
The shadow slips into darkness.
The shadow flickers and vanishes!
Deactivating autopickup; reactivate with Ctrl-A.
You hit something but do no damage.
Your weapon exudes an aura of protection.
The shadow strikes at you from the darkness!
Reactivating autopickup.
You hit the shadow but do no damage.
The shadow is severely damaged.
The shadow completely misses you.
You hit the shadow.
You squeeze the shadow, but do no damage.
The shadow is severely damaged.
The shadow hits you!
* * * LOW HITPOINT WARNING * * *
The shadow hits you.
* * * LOW HITPOINT WARNING * * *
You feel better.
The shadow slips into darkness.
The shadow flickers and vanishes!
Deactivating autopickup; reactivate with Ctrl-A.
You miss something.
The shadow strikes at you from the darkness!
You die...
Your body disappears without a glow.

#+# #.......# #.#
#.......#
###.#####.......#
#.......'.......+
######.[..####.......#
..........# #########
######....# ###{##
#@###########
#..........<#
#############


There were no monsters in sight!

Vanquished Creatures
  A hydra (D:8)
  A two-headed ogre (D:8)
  A centaur warrior (D:8)
  A yak (D:8)
  A steam dragon (D:9)
  A water moccasin (D:7)
  3 sky beasts
  2 ice beasts (D:7)
  A black bear (D:7)
  3 orc warriors
  An ogre (D:5)
  3 centaurs
  3 phantoms
  2 kobold brigands
  A wyvern zombie (Ossuary)
  4 bullfrogs
  3 gnoll sergeants
  3 scorpions
  4 water moccasin zombies (Ossuary)
  3 wights (D:8)
  A howler monkey (D:4)
  5 centaur zombies
  2 jellies
  2 centaur skeletons (D:6)
  12 bullfrog zombies
  4 orc priests
  3 hounds
  2 iguanas
  7 orc wizards
  3 killer bee zombies
  10 mummies (Ossuary)
  3 howler monkey zombies (Ossuary)
  An adder (D:4)
  12 gnolls
  A shadow imp (D:7)
  A white imp (D:8)
  An ufetubus (D:6)
  3 dart slugs
  3 worms
  22 orcs
  8 ball pythons
  9 endoplasms
  2 giant cockroaches
  12 goblins
  5 hobgoblins
  4 jackals (D:5)
  10 kobolds
  A quokka (D:1)
  3 bats
  5 frilled lizards
  7 rats
206 creatures vanquished.

Vanquished Creatures (others)
  3 withered plants (Ossuary)
3 creatures vanquished.

Grand Total: 209 creatures vanquished

Notes
Turn   | Place    | Note
-------+----------+-------------------------------------------
     0 | D:1      | orbtoucher the Octopode Venom Mage began the quest for the
                  | Orb.
     0 | D:1      | Reached XP level 1. HP: 11/11 MP: 3/3
   192 | D:1      | Reached XP level 2. HP: 9/18 MP: 1/5
   338 | D:1      | Learned a level 2 spell: Poisonous Vapours
   795 | D:1      | Found a faded altar of an unknown god.
  1476 | D:1      | Reached XP level 3. HP: 22/22 MP: 6/6
  1580 | D:1      | Learned a level 3 spell: Mephitic Cloud
  2735 | D:2      | Found a sparkling altar of Nemelex Xobeh.
  2745 | D:2      | Became a worshipper of Nemelex Xobeh the Trickster
  3826 | D:3      | Reached XP level 4. HP: 20/27 MP: 6/7
  3925 | D:3      | Reached skill level 1 in Conjurations
  4173 | D:3      | Reached skill level 1 in Air Magic
  4173 | D:3      | Reached XP level 5. HP: 26/32 MP: 8/8
  4244 | D:3      | Noticed a sky beast
  4282 | D:3      | Killed a sky beast
  4283 | D:3      | Reached skill level 5 in Poison Magic
  4745 | D:3      | Found a hazy altar of Hepliaklqana.
  4786 | D:3      | Reached XP level 6. HP: 37/37 MP: 10/10
  4818 | D:3      | Learned a level 4 spell: Olgreb's Toxic Radiance
  5155 | D:4      | Reached * piety under Nemelex Xobeh
  5725 | D:4      | Received a gift from Nemelex Xobeh
  5779 | D:4      | Found a staircase to the Ecumenical Temple.
  5822 | D:4      | Found Uckounom's Antique Weapon Boutique.
  6235 | D:5      | Entered Level 5 of the Dungeon
  6265 | D:5      | Reached skill level 1 in Fighting
  6352 | D:5      | Reached skill level 1 in Shields
  6352 | D:5      | Reached XP level 7. HP: 23/43 MP: 11/11
  6508 | D:5      | Found Barrilum's Lightly-Used Armoury.
  6545 | D:5      | Reached skill level 12 in Shields
  6545 | D:5      | Reached XP level 8. HP: 48/48 MP: 12/12
  6551 | D:5      | Reached skill level 15 in Shields
  6551 | D:5      | Reached XP level 9. HP: 53/53 MP: 13/13
  7372 | D:5      | Gained mutation: You are partially covered in large bone
                  | plates. (SH +4) [potion of mutation]
  7372 | D:5      | Gained mutation: You are dopey. (Int -2) [potion of
                  | mutation]
  7372 | D:5      | Gained mutation: You are partially covered in iridescent
                  | scales. (AC +2) [potion of mutation]
  8005 | D:6      | Reached ** piety under Nemelex Xobeh
  8177 | D:6      | Found a runed translucent door.
  8182 | D:6      | Noticed Hiru's ghost (novice TeMo)
  8383 | D:6      | Reached skill level 1 in Invocations
  8506 | D:6      | Received a gift from Nemelex Xobeh
  8726 | D:7      | Found a large runed translucent door.
  8749 | D:7      | Found a sand-covered staircase.
  8759 | Ossuary  | Entered an ossuary
  9281 | Ossuary  | Reached skill level 1 in Short Blades
  9528 | Ossuary  | Reached XP level 10. HP: 56/59 MP: 15/15
  9970 | D:7      | Found a large runed translucent door.
 11237 | D:7      | Found a white marble altar of Elyvilon.
 11724 | D:7      | Found a bloodstained altar of Trog.
 11739 | D:7      | Found a snail-covered altar of Cheibriados.
 12181 | D:8      | Received a gift from Nemelex Xobeh
 12187 | D:8      | Found a glowing golden altar of the Shining One.
 12795 | D:8      | Noticed a two-headed ogre
 12864 | D:8      | Killed a two-headed ogre
 13064 | D:8      | Reached *** piety under Nemelex Xobeh
 13119 | D:8      | Noticed a centaur warrior
 13149 | D:8      | Killed a centaur warrior
 13176 | D:8      | Reached XP level 11. HP: 42/66 MP: 17/17
 13488 | D:8      | Noticed a seven-headed hydra
 13492 | D:8      | Killed a seven-headed hydra
 14049 | D:9      | Slain by a shadow

Illustrated notes

Levels and vault maps discovered:
D:1:      tarquinn_simple_flora_water_b, layout_loops_corners,
          dilly_ecumenical_altar_fadedgnrine
D:2:      layout_basic, basic_altar, minmay_parallelograms,
          minmay_misc_feat_encased
D:3:      layout_basic, nzn_hepliaklqana_mist_gate
D:4:      nicolae_cairo_tiling, layout_basic, serial_shops,
          nicolae_shop_advertising_works [nicolae_subvault_shop_adworks],
          minmay_misc_feat_iff, serial_park_tiny_2, moated_statue
D:5:      layout_basic, hangedman_abyss_or_decor_passed, minmay_shop_damaged
D:6:      layout_cave_pools, ebering_ghost_sewer_d
D:7:      layout_loops_ring, jmf_multi_god_temple2,
          mainiacjoe_overflow_24_doors, enter_bailey_3,
          nicolae_ossuary_entry_plus, small_statue_alley_b,
          chequers_hall_statues_y
D:8:      cheibrodos_fzero, layout_loops_ring, nicolae_overflow_hidden_temple
D:9:      layout_basic, lair_entry_dummy, uniq_gastronok

Skill      XL: |  1  2  3  4  5  6  7  8  9 10 11 |
---------------+----------------------------------+-----
Stealth        | 3 |  3.3
Poison Magic   | 4 5 6 7 8 9 |  9.0
Conjurations   | 1 2 3 |  3.0
Air Magic      | 1 2 3 4 |  4.1
Spellcasting   | 3 4 |  4.0
Fighting       | 1 2 3 |  3.3
Shields        | 1 12 15 | 15.5
Invocations    | 1 3 |  3.5
Short Blades   | 1 2 |  2.0
Dodging        | |  2.2
Transmutations | |  1.0

Action                   |  1- 3 |  4- 6 |  7- 9 | 10-12 || total
-------------------------+-------+-------+-------+-------++-------
Melee: Unarmed           |    16 |       |       |       ||    16
       Constrict         |    12 |     7 |    35 |    29 ||    83
       Tentacles         |     8 |     8 |    72 |    48 ||   136
       Short sword       |    24 |    47 |   274 |   215 ||   560
 Fire: Hunting sling     |       |     2 |       |     2 ||     4
Throw: Stone             |       |     1 |     1 |     1 ||     3
 Cast: Sting             |     3 |       |       |       ||     3
       Poisonous Vapours |    49 |    51 |    26 |   133 ||   259
Invok: Draw Destruction  |       |       |       |     5 ||     5
Evoke: Wand              |       |       |       |     1 ||     1
  Use: Potion            |       |       |     6 |     2 ||     8
       Scroll            |       |       |    14 |     6 ||    20
 Stab: Sleeping          |     8 |     5 |     3 |     1 ||    17
       Distracted        |       |       |     2 |       ||     2
Armor: Skin              |     7 |    15 |    43 |    37 ||   102
Dodge: Dodged            |    27 |    29 |    63 |    46 ||   165
Block: Tower shield      |       |       |   304 |   289 ||   593

Table legend: (Time is in decaauts)
 A = Elapsed time spent in this place.
 B = Non-inter-level travel time spent in this place.
 C = Inter-level travel time spent in this place.
 D = Time resting spent in this place.
 E = Time spent auto-exploring this place.
 F = Levels seen in this place.
 G = Mean time per level.
                   A        B        C        D        E       F      G
               +--------+--------+--------+--------+--------+-----+--------+
         Total |  14174 |  13672 |    502 |   5792 |   4689 |  10 | 1417.4 |
       Dungeon |  13295 |  12793 |    502 |   5398 |   4671 |   9 | 1477.2 |
       Ossuary |    879 |    879 |      0 |    394 |     18 |   1 |  879.0 |
               +--------+--------+--------+--------+--------+-----+--------+

Top non-repeatable levels by time:
     D:7: 2312 daAuts
     D:8: 1994 daAuts
     D:1: 1730 daAuts
     D:2: 1700 daAuts
     D:4: 1590 daAuts
     D:5: 1552 daAuts
     D:3: 1429 daAuts
 Ossuary: 879 daAuts
     D:6: 767 daAuts
     D:9: 217 daAuts
